 Dungeon Crawl Stone Soup version 0.26.1-11-gd32895ea62 (webtiles) character file.

Game seed: 3359646174388456807

265 Descartes the Conjurer (level 5, -3/28 HPs)
             Began as a Deep Elf Hedge Wizard on July 27, 2021.
             Slain by Grinder (5 damage)
             ... on level 3 of the Dungeon.
             The game lasted 00:06:44 (4136 turns).

Descartes the Conjurer (Deep Elf Hedge Wizard)      Turns: 4136, Time: 00:06:44

Health: -3/28      AC:  3    Str:  7    XL:     5   Next: 99%
Magic:  0/13       EV: 12    Int: 20    God:
Gold:   156        SH:  0    Dex: 14    Spells: 11/12 levels left

rFire    . . .     SeeInvis .   a - +0 dagger
rCold    . . .     Faith    .   (no shield)
rNeg     . . .     Spirit   +   f - +0 leather armour
rPois    .         Reflect  .   c - +0 hat
rElec    .         Harm     .   (no cloak)
rCorr    .         Rampage  .   (no gloves)
Will     .....                  (no boots)
Stlth    ++........             h - amulet of guardian spirit
HPRegen  0.09/turn              (no ring)
MPRegen  0.13/turn              (no ring)

@: no status effects
A: no striking features
a: no special abilities


You were on level 3 of the Dungeon.
You visited 1 branch of the dungeon, and saw 3 of its levels.

You collected 156 gold pieces.

Inventory:

Hand Weapons
 a - a +0 dagger (weapon)
Missiles
 g - 194 stones
 o - 7 curare-tipped darts
 t - 5 boomerangs
Armour
 b - a +0 robe
 c - a +0 hat (worn)
 d - a +0 kite shield
 f - a +0 leather armour (worn)
Jewellery
 h - an amulet of guardian spirit (around neck)
 p - a cursed ring of teleportation {unknown}
Scrolls
 i - a scroll of enchant weapon {unknown}
 l - a scroll of fog {unknown}
 m - 2 scrolls of teleportation {unknown}
 n - a scroll of random uselessness {unknown}
 r - 2 scrolls of remove curse {unknown}
Potions
 e - a potion of resistance {unknown}
 j - a potion of curing {unknown}
 k - a potion of lignification {unknown}
 q - a potion of heal wounds
 s - a potion of brilliance {unknown}
 u - a potion of haste {unknown}


   Skills:
 - Level 2.4 Dodging
 - Level 2.4 Stealth
 + Level 3.3 Shields
 - Level 4.4 Spellcasting
 + Level 4.6 Conjurations
 - Level 1.1 Summonings
 - Level 1.1 Translocations


You had 11 spell levels left.
You knew the following spells:

 Your Spells              Type           Power        Failure   Level
a - Magic Dart            Conj           92%          2%          1

Your spell library contained the following spells:

 Spells                   Type           Power        Failure   Level
 Blink                    Tloc           N/A          19%         2
 Call Imp                 Summ           8%           19%         2
 Conjure Flame            Conj/Fire      13%          22%         3
 Slow                     Hex            4%           28%         2
 Mephitic Cloud           Conj/Pois/Air  10%          30%         3


Dungeon Overview and Level Annotations

Branches:
Dungeon (3/15)

Altars:

Annotations:
D:3 Grinder


Message History

You are too injured to fight recklessly!
Grinder completely misses you.
Your magical contamination has completely faded away.
You hit Grinder but do no damage.
Grinder is almost dead.
Grinder gestures at you.
You suddenly lose the ability to move!
Grinder hits you but does no damage.
Grinder blinks!
You can move again.
You closely miss Grinder.
Grinder is almost dead.
Grinder hits you.
* * * LOW HITPOINT WARNING * * *
You hit Grinder but do no damage.
Grinder is almost dead.
Grinder hits you.
* * * LOW HITPOINT WARNING * * *
You writhe in agony.
You die...

#..###..###.#####.#
#...........# #.#
.PP..PPP.#### #.#
PP♣P♣♣♣..## #.#
....P♣♣.PP## ###.#
##...♣P♣.P.# #...#
...#..P♣♣..# #...#
##.##P.♣♣..#
#...###
.......P.P.#
#.@...#
.#.##.PP...#
#.5##.#
....##.P...# #...
.# ♣.♣.########
..... # ....#
##...#. ♣#♣##
......# ###..# #
...#


You could see Grinder.

Vanquished Creatures
  An ogre (D:2)
  An orc wizard (D:3)
  Jessica (D:2)
  4 adders
  An ooze (D:3)
  3 dart slugs
  3 leopard geckos
  3 orcs
  7 bats
  2 giant cockroaches (D:1)
  5 goblins
  14 hobgoblins
  8 jackals
  2 frilled lizards (D:1)
  9 kobolds
  9 rats
73 creatures vanquished.

Notes
Turn   | Place    | Note
-------+----------+-------------------------------------------
     0 | D:1      | Descartes the Deep Elf Hedge Wizard began the quest for the
                  | Orb.
     0 | D:1      | Reached XP level 1. HP: 10/10 MP: 7/7
   331 | D:1      | Reached XP level 2. HP: 15/15 MP: 6/9
   415 | D:1      | Reached skill level 1 in Shields
  1004 | D:1      | Reached XP level 3. HP: 19/19 MP: 6/10
  1707 | D:2      | Reached XP level 4. HP: 24/24 MP: 8/12
  2078 | D:2      | Noticed Jessica
  2083 | D:2      | Killed Jessica
  2240 | D:2      | Noticed an ogre
  3029 | D:2      | Killed an ogre
  3030 | D:2      | Reached XP level 5. HP: 9/28 MP: 2/13
  4118 | D:3      | Noticed Grinder
  4130 | D:3      | Paralysed by Grinder for 4 turns
  4136 | D:3      | Slain by Grinder

Illustrated notes

Levels and vault maps discovered:
D:1:      dpeg_arrival_solitude, layout_loops_ring, nrook_campfire
D:2:      layout_loops_ring, uniq_jessica
D:3:      layout_loops_cross, serial_forest, infiniplex_forest_lined_corner,
          infiniplex_forest_clump_curved, infiniplex_forest_straight_3,
          infiniplex_forest_corner_1, infiniplex_forest_lined_1, uniq_natasha,
          uniq_grinder

Skill      XL: |  1  2  3  4 |
---------------+-------------+-----
Shields        | 1 2 3 |  3.3
Conjurations   | 2 3 4 |  4.6
Dodging        | |  2.4
Stealth        | |  2.4
Spellcasting   | |  4.4
Summonings     | |  1.1
Translocations | |  1.1

Action                   |  1- 3 |  4- 6 || total
-------------------------+-------+-------++-------
Melee: Dagger            |    12 |    13 ||    25
 Cast: Magic Dart        |    98 |   125 ||   223
Armor: Leather armour    |    10 |     9 ||    19
Dodge: Dodged            |    28 |    22 ||    50
